 Dungeon Crawl Stone Soup version 0.19.0-2-gae57169 (webtiles) character file.

360660 MDvedh the Tengu Blade (level 22, -9/143 HPs)
             Began as a Tengu Berserker on Nov 6, 2016.
             Was a High Priest of Trog.
             Mangled by an ettin
             ... wielding a +0 dire flail
              (36 damage)
             ... on level 4 of the Vaults.
             The game lasted 01:38:11 (42877 turns).

MDvedh the Tengu Blade (Tengu Berserker)           Turns: 42877, Time: 01:38:12

Health: -9/143     AC: 26    Str: 25    XL:     22   Next: 43%
Magic:  23/23      EV: 21    Int:  5    God:    Trog [*****.]
Gold:   1585       SH:  4    Dex: 22    Spells: 0 memorised, 21 levels left

rFire  + + .     SeeInvis .     b - +9 triple sword (flame)
rCold  + + .     Gourm    .     K - +4 plate armour
rNeg   . . .     Faith    .     (shield currently unavailable)
rPois  +         Spirit   .     (helmet restricted)
rElec  +         Reflect  +     u - +1 cloak {MR+}
rCorr  .         Harm     .     W - +0 pair of gloves "Wal Sose" {Regen+ Str+4 Int-3} (curse)
MR     ++...                    (boots unavailable)
Stlth  ..........               Y - +4 amulet of reflection
                                C - ring of the Kraken {rElec rPois rF+}
                                P - ring of protection from cold

@: no status effects
A: beak, talons 3, agile 1, cold resistance 1, fire resistance 1, screaming 1,
able to fly 2
a: Fly, Berserk, Trog's Hand, Brothers in Arms, Burn Spellbooks, Renounce
Religion
}: 2/15 runes: decaying, serpentine


You were on level 4 of the Vaults.
You worshipped Trog.
Trog was extremely pleased with you.
You were hungry.

You visited 6 branches of the dungeon, and saw 35 of its levels.

You collected 3746 gold pieces.
You spent 2161 gold pieces at shops.

Inventory:

Hand Weapons
 a - the +7 great sword of Zityocir {flame, rElec MR+}
   (Trog gifted it to you on level 1 of the Snake Pit)

   It has been specially enchanted to burn those struck by it, causing extra
   injury to most foes and up to half again as much damage against particularly
   susceptible opponents.
   Big, fiery blades are also staple armaments of hydra-hunters.
   It insulates you from electricity.
   It affects your resistance to hostile enchantments.
 b - a +9 triple sword of flaming (weapon)
Missiles
 v - 5 throwing nets (quivered)
Armour
 f - +0 fire dragon scales
 u - a +1 cloak of magic resistance (worn)
 K - a +4 plate armour (worn)
 W - the cursed +0 pair of gloves "Wal Sose" (worn) {Regen+ Str+4 Int-3}
   (You bought it in a shop on level 11 of the Dungeon)

   It affects your strength (+4).
   It affects your intelligence (-3).
   It increases your rate of regeneration.
   It has a curse placed upon it.
Jewellery
 s - an uncursed ring of see invisible
 C - the ring of the Kraken (right hand) {rElec rPois rF+}
   (You bought it in a shop on level 9 of the Dungeon)

   [ring of poison resistance]

   It protects you from fire.
   It insulates you from electricity.
   It protects you from poison.
 F - an uncursed ring of positive energy
 L - an uncursed ring of ice
 P - a ring of protection from cold (left hand)
 Y - a +4 amulet of reflection (around neck)
Wands
 T - a wand of disintegration (10/24)
Scrolls
 d - 4 scrolls of enchant armour
 e - a scroll of summoning
 m - 3 scrolls of fear
 o - a scroll of enchant weapon
 p - 15 scrolls of remove curse
 t - 6 scrolls of teleportation
 z - 4 scrolls of fog
 A - 5 scrolls of identify
 I - a scroll of holy word
 S - 3 scrolls of blinking
 U - 3 scrolls of recharging
Potions
 c - 3 potions of cure mutation
 g - 2 potions of agility
 i - 3 potions of haste
 j - 2 potions of might
 l - 5 potions of cancellation
 G - 16 potions of curing
 N - 2 potions of magic
 V - a potion of resistance
 X - 5 potions of flight
Comestibles
 h - 4 chunks of flesh
 k - 2 meat rations
 r - 10 bread rations
 x - 13 beef jerkies
 J - 18 fruits
 M - 4 royal jellies
 O - 4 slices of pizza


   Skills:
 + Level 16.5 Fighting
 - Level 25.0 Long Blades
 + Level 17.8 Armour
 + Level 17.8 Dodging


You had 21 spell levels left.
You didn't know any spells.

Dungeon Overview and Level Annotations

Branches:
Dungeon (15/15)            Temple (0/1) D:7            Lair (6/6) D:8
  Swamp (4/4) Lair:3        Snake (4/4) Lair:3        Slime (0/5) Lair:5
    Orc (2/2) D:11            Elf (0/3) Orc:2        Vaults (4/5) D:13
  Crypt (0/3) Vaults:3     Depths (0/5) D:15

Altars:
Dithmenos
Fedhas
Nemelex Xobeh
Qazlal
Trog
Yredelemnul
Zin
Beogh
Jiyva

Shops:
D:9 =   D:11 %%[[?   Orc:2 }*![:   Snake:2 (   Snake:4 ::

Portals:
Trove: D:10 (give +7 demon whip)

Annotations:
Vaults:3 Jory


Innate Abilities, Weirdness & Mutations

You have a beak for a mouth.
You have claws for feet.
You can fly continuously.
You are agile. (Dex +2)
Your flesh is cold resistant. (rC+)
Your flesh is heat resistant. (rF+)
You occasionally shout uncontrollably at your foes.


Message History

An ettin comes into view. It is wielding two dire flails.
The ettin shouts in stereo!
The ettin hits you with a dire flail! You block the ettin's attack.
Found 26 gold pieces.
Found a stone staircase leading down.
You slash the ettin! You burn the ettin. Your kick misses the ettin.
You peck the ettin, but do no damage.
The ettin is moderately wounded.
You slice the ettin!! You burn the ettin. You claw the ettin, but do no damage.
You peck the ettin.
The ettin is almost dead.
The ettin hits you with a dire flail!!
* * * LOW HITPOINT WARNING * * *
The ettin misses you.
Your plate armour prevents you from hitting the ettin.
You claw the ettin, but do no damage.
The ettin is almost dead.
You hit the ettin. You burn the ettin.
The ettin is almost dead.
The ettin barely misses you. The ettin hits you with a dire flail!!!
You die...

..# $.#
... ..
'##
##..##
##....##
#C@....#
#...>..#
##....##
##..##
#+#


You could see an ettin.

Vanquished Creatures
  Mara (Swamp:3)
  Mennas (Vaults:3)
  Vashnia (Snake:4)
  Nikola (Swamp:3)
  A lich (Vaults:4)
  Rupert (Lair:4)
  A tentacled monstrosity (Swamp:4)
  A sphinx (Vaults:2)
  Agnes (D:15)
  A thorn hunter (Swamp:2)
  Donald (Swamp:1)
  Kirke (Lair:5)
  10 nagarajas
  A revenant (Vaults:3)
  A frost giant (Vaults:3)
  7 vault wardens
  Louise (D:15)
  A deep elf sorcerer (Vaults:1)
  Aizul (Swamp:2)
  A curse skull (Vaults:3)
  A juggernaut zombie (D:15)
  7 very ugly things (Vaults:3)
  2 stone giants
  9 ironheart preservers
  A deep elf annihilator (Vaults:1)
  2 ettins (Vaults:3)
  A small abomination (Vaults:1)
  A deep elf death mage (Vaults:1)
  Josephine (Lair:5)
  4 fire dragons
  4 yaktaur captains
  Fannar (D:10)
  6 great orbs of eyes
  23 naga warriors
  Harold (Lair:3)
  8 vault guards
  29 hydras
  A ghost crab (Swamp:4)
  An ice dragon (Vaults:1)
  3 death knights
  Erica (Lair:1)
  6 centaur warriors
  9 alligators
  7 anacondas
  A deep troll shaman (Vaults:3)
  12 ogre magi
  A vampire mage (Vaults:3)
  A deep troll earth mage (Vaults:3)
  A storm dragon zombie (D:15)
  A titan zombie (D:15)
  Urug (Lair:5)
  23 naga sharpshooters
  4 shock serpents
  3 salamander mystics
  8 deep elf knights
  A shadow wraith (Vaults:2)
  8 skeletal warriors
  3 spriggan druids (Swamp:4)
  A flayed ghost (D:15)
  3 unseen horrors
  5 deep trolls (Vaults:3)
  4 wizards
  15 swamp dragons
  7 deep elf archers
  6 ironbrand convokers
  3 shambling mangroves
  7 harpies
  12 naga ritualists
  3 hill giants
  Pikel (D:8)
  7 orc knights
  A harpy (shapeshifter) (Vaults:1)
  The ghost of skk the Spear-Bearer, a novice MfBe of Trog (D:5)
  7 mana vipers
  An orc sorcerer (Orc:1)
  3 wolf spiders
  9 deep elf magi
  2 necromancers
  9 ugly things
  16 salamanders
  7 elephants
  3 cyclopes
  4 manticores
  Maurice (D:8)
  13 vault sentinels
  8 guardian serpents
  39 black mambas
  A gargoyle (D:15)
  25 naga magi
  30 spiny frogs
  4 rime drakes
  4 kobold demonologists
  2 yaktaurs (shapeshifter)
  8 komodo dragons
  9 freezing wraiths
  28 yaktaurs
  A guardian mummy (D:15)
  6 trolls
  A troll (shapeshifter) (Vaults:4)
  3 polar bears
  10 tyrant leeches
  The ghost of MDvedh the Stinger, an amateur CeVM (D:4)
  10 bog bodies
  9 hornets
  26 blink frogs
  37 two-headed ogres
  22 slime creatures
  13 dream sheep (Lair:4)
  A blink frog (shapeshifter) (Vaults:1)
  10 hippogriffs
  2 shadows
  A tarantella (shapeshifter) (Vaults:3)
  9 wraiths
  A basilisk (shapeshifter) (Vaults:2)
  3 wyverns
  Grum (D:10)
  45 yaks
  3 hill giant zombies (D:11)
  2 hungry ghosts
  A steam dragon (Lair:4)
  21 vampire mosquitoes
  A mottled dragon (D:11)
  3 basilisks
  25 swamp worms
  5 wargs
  15 insubstantial wisps
  A soldier ant (D:12)
  60 nagas
  A tengu zombie (D:15)
  14 water moccasins
  13 swamp drakes
  7 porcupines
  21 orc warriors
  An ice beast (D:5)
  6 sky beasts
  3 slaves
  3 black bears
  3 necrophages
  An eye of draining (D:15)
  5 phantoms
  An ogre (shapeshifter) (Vaults:3)
  10 wolves
  10 centaurs
  49 ogres
  8 boggarts
  8 crocodiles
  30 bullfrogs
  A gnoll sergeant (D:9)
  7 big kobolds
  An ogre simulacrum (Vaults:1)
  A wyvern zombie (D:14)
  5 scorpions
  A wyvern skeleton (D:13)
  10 wights
  14 killer bees
  The ghost of olma the Bolt Thrower, a weakling CeHu of Trog (D:3)
  A troll zombie (D:11)
  6 electric eels
  7 howler monkeys
  2 bullfrog zombies
  10 crimson imps
  A quasit (D:9)
  A bullfrog skeleton (D:6)
  8 jellies
  2 centaur zombies
  7 hounds
  8 centaur skeletons
  17 orc priests
  Crazy Yiuf (D:7)
  22 orc wizards
  8 worker ants
  4 iguanas
  2 ogre zombies (D:11)
  2 hound skeletons
  2 worker ant zombies
  A howler monkey skeleton (D:11)
  A gnoll (D:6)
  10 adders
  A shadow imp (D:15)
  12 white imps (Lair:2)
  2 adder skeletons
  2 worms
  5 dart slugs
  6 leopard geckos
  91 orcs
  A ball python (D:6)
  2 giant cockroaches
  10 hobgoblins
  11 jackals
  14 kobolds
  6 quokkas
  6 bats
  4 frilled lizards
  17 goblins
  3 goblin zombies (D:11)
  3 hobgoblin zombies (D:11)
  A jackal skeleton (D:6)
  A leopard gecko skeleton (D:6)
  2 orc skeletons (D:11)
  11 orc zombies (D:11)
  4 rats
  A crawling corpse (Vaults:1)
1464 creatures vanquished.

Vanquished Creatures (collateral kills)
  A very ugly thing (Vaults:2)
  A war gargoyle (Vaults:2)
  An elephant (Lair:4)
  A spiny frog (Lair:6)
  4 yaktaurs (Vaults:2)
  A tyrant leech (Swamp:3)
  4 killer bees (D:9)
13 creatures vanquished.

Vanquished Creatures (others)
  A naga sharpshooter (Snake:4)
  4 humans (Lair:5)
  A naga (Snake:4)
  A slave (D:8)
  An ogre (Vaults:1)
  A crimson imp (D:8)
  An orc (D:13)
  A frilled lizard (D:2)
  3 kobolds (D:8)
  7 fungi
  29 plants
50 creatures vanquished.

Grand Total: 1527 creatures vanquished

Notes
Turn   | Place    | Note
-------+----------+-------------------------------------------
     0 | D:1      | MDvedh the Tengu Berserker began the quest for the Orb.
     0 | D:1      | Reached XP level 1. HP: 14/14 MP: 2/2
   638 | D:2      | Reached XP level 2. HP: 19/19 MP: 3/3
   640 | D:2      | Reached skill level 4 in Long Blades
   905 | D:2      | Reached XP level 3. HP: 23/23 MP: 4/4
   953 | D:2      | Reached ** piety under Trog
  1204 | D:2      | Found a sparkling altar of Nemelex Xobeh.
  1376 | D:2      | Reached skill level 5 in Long Blades
  1569 | D:2      | Reached XP level 4. HP: 27/28 MP: 5/5
  1694 | D:3      | Found a faded altar of an unknown god.
  1810 | D:3      | Noticed olma's ghost (weakling CeHu)
  1816 | D:3      | Killed olma's ghost
  1816 | D:3      | Reached skill level 6 in Long Blades
  1816 | D:3      | Gained mutation: You can fly. [Tengu growth]
  1816 | D:3      | Reached XP level 5. HP: 32/32 MP: 6/6
  2416 | D:4      | Noticed MDvedh's ghost (amateur CeVM)
  2613 | D:4      | Killed MDvedh's ghost
  2613 | D:4      | Reached skill level 8 in Long Blades
  2613 | D:4      | Reached XP level 6. HP: 37/37 MP: 7/7
  2701 | D:4      | Noticed a phantom
  2744 | D:3      | Killed a phantom
  2744 | D:3      | Reached XP level 7. HP: 33/41 MP: 8/8
  2746 | D:3      | Reached *** piety under Trog
  2883 | D:4      | Reached skill level 9 in Long Blades
  3191 | D:5      | Entered Level 5 of the Dungeon
  3547 | D:5      | Noticed skk's ghost (novice MfBe)
  3554 | D:5      | HP: 2/61 [skk's ghost (21)]
  3556 | D:5      | Killed skk's ghost
  3556 | D:5      | Reached skill level 10 in Long Blades
  3556 | D:5      | Reached XP level 8. HP: 3/46 MP: 9/9
  3941 | D:5      | Reached skill level 11 in Long Blades
  4050 | D:5      | Found a glowing silver altar of Zin.
  4050 | D:5      | Found a bloodstained altar of Trog.
  4757 | D:6      | Reached skill level 12 in Long Blades
  4866 | D:6      | Reached XP level 9. HP: 50/50 MP: 10/10
  5153 | D:6      | Noticed a purple ugly thing
  5160 | D:6      | Killed a purple ugly thing
  5160 | D:6      | Reached skill level 13 in Long Blades
  5203 | D:6      | Reached **** piety under Trog
  5953 | D:6      | Reached skill level 14 in Long Blades
  6454 | D:7      | Reached XP level 10. HP: 52/56 MP: 11/11
  6613 | D:7      | Found a staircase to the Ecumenical Temple.
  6921 | D:7      | Found a runed door.
  6978 | D:7      | Noticed Crazy Yiuf
  6982 | D:7      | Killed Crazy Yiuf
  7061 | D:8      | Noticed Pikel
  7075 | D:8      | Killed Pikel
  7166 | D:8      | Noticed Maurice
  7190 | D:8      | Killed Maurice
  7190 | D:8      | Reached skill level 5 in Fighting
  7190 | D:8      | Reached skill level 5 in Armour
  7190 | D:8      | Reached skill level 5 in Dodging
  7415 | D:8      | Found a staircase to the Lair.
  7415 | D:8      | Noticed an elephant
  7444 | D:8      | Killed an elephant
  7444 | D:8      | Reached ***** piety under Trog
  8815 | D:9      | Received a gift from Trog
  8887 | D:9      | Reached XP level 11. HP: 66/66 MP: 9/12
  9217 | D:9      | Found a stormy altar of Qazlal.
  9841 | D:9      | Found Faocineu's Jewellery Shoppe.
  9851 | D:9      | Bought the ring of the Kraken {rElec rPois rF+} for 533 gold pieces
  9851 | D:9      | Bought a cursed amulet of inaccuracy for 26 gold pieces
  9921 | D:9      | Found a shadowy altar of Dithmenos.
  9921 | D:9      | Found a basalt altar of Yredelemnul.
 10056 | D:10     | Entered Level 10 of the Dungeon
 10094 | D:10     | Noticed Grum
 10112 | D:10     | Killed Grum
 10564 | D:10     | Noticed Fannar
 10584 | D:10     | Killed Fannar
 10708 | D:10     | Found a portal to a secret trove of treasure.
 10827 | D:10     | Noticed a hill giant
 10833 | D:10     | Killed a hill giant
 10930 | Lair:1   | Entered Level 1 of the Lair of Beasts
 11652 | Lair:1   | Noticed Erica
 11663 | Lair:1   | Killed Erica
 12393 | Lair:2   | Reached XP level 12. HP: 45/75 MP: 13/13
 12729 | Lair:2   | Noticed a five-headed hydra
 12736 | Lair:2   | Killed a one-headed hydra
 13135 | Lair:2   | Reached skill level 10 in Dodging
 13464 | Lair:2   | Received a gift from Trog
 13729 | Lair:3   | Reached skill level 10 in Armour
 13746 | Lair:3   | Found a staircase to the Swamp.
 14216 | Lair:3   | Noticed a seven-headed hydra
 14349 | Lair:3   | Found a staircase to the Snake Pit.
 14427 | Lair:3   | Noticed Harold
 14461 | Lair:3   | Killed Harold
 14461 | Lair:3   | Reached skill level 10 in Fighting
 15342 | Lair:4   | Reached XP level 13. HP: 69/83 MP: 14/14
 15965 | Lair:4   | Noticed Rupert
 15993 | Lair:4   | Killed Rupert
 16763 | Lair:5   | Noticed Urug
 16776 | Lair:5   | Killed Urug
 17186 | Lair:5   | Noticed Josephine
 17196 | Lair:5   | Killed Josephine
 17265 | Lair:5   | Noticed Kirke
 17275 | Lair:5   | Killed Kirke
 17275 | Lair:5   | Gained mutation: You can fly continuously. [Tengu growth]
 17275 | Lair:5   | Reached XP level 14. HP: 84/91 MP: 15/15
 17373 | Lair:5   | Found a viscous altar of Jiyva.
 17373 | Lair:5   | Found a staircase to the Slime Pits.
 17752 | Lair:6   | Entered Level 6 of the Lair of Beasts
 18312 | Lair:6   | Received a gift from Trog
 20622 | D:11     | Found Kahoodos's Armour Shop.
 20671 | D:11     | Found Aczetudd's Food Shoppe.
 20913 | D:11     | Found Jympuunn's Food Emporium.
 21056 | D:11     | Found a staircase to the Orcish Mines.
 21140 | D:11     | Received a gift from Trog
 21231 | D:11     | Found Eqoddeyf's Armour Emporium.
 21246 | D:11     | Bought the cursed +0 pair of gloves "Wal Sose" {Regen+ Str+4 Int-3} for 137 gold pieces
 21638 | D:11     | Reached skill level 15 in Long Blades
 21810 | D:11     | Found Enkil's Magic Scroll Shop.
 21818 | D:11     | Bought 2 scrolls of blinking for 210 gold pieces
 21818 | D:11     | Bought 2 scrolls of identify for 56 gold pieces
 21822 | D:11     | Reached skill level 16 in Long Blades
 21822 | D:11     | Reached XP level 15. HP: 97/97 MP: 16/16
 21829 | D:11     | Bought a scroll of identify for 28 gold pieces
 21904 | Orc:1    | Entered Level 1 of the Orcish Mines
 22142 | Orc:1    | Received a gift from Trog
 22309 | Orc:1    | Found a roughly hewn altar of Beogh.
 22392 | Orc:2    | Entered Level 2 of the Orcish Mines
 22652 | Orc:2    | Found a staircase to the Elven Halls.
 22873 | Orc:2    | Reached XP level 16. HP: 102/103 MP: 17/17
 22887 | Orc:2    | Found Byturh Bijin's Distillery.
 22901 | Orc:2    | Found Quyckeeg's Book Shop.
 22901 | Orc:2    | Found Anusuji's Antique Armour Emporium.
 23018 | Orc:2    | Found Zeucw's General Store.
 23028 | Orc:2    | Bought a potion of cure mutation for 300 gold pieces
 23028 | Orc:2    | Bought 2 potions of haste for 240 gold pieces
 23028 | Orc:2    | Bought a potion of heal wounds for 60 gold pieces
 23028 | Orc:2    | Bought a potion of curing for 36 gold pieces
 23028 | Orc:2    | Bought a potion of curing for 36 gold pieces
 23028 | Orc:2    | Bought a potion of curing for 36 gold pieces
 23028 | Orc:2    | Bought a potion of curing for 36 gold pieces
 23028 | Orc:2    | Bought a potion of agility for 48 gold pieces
 23028 | Orc:2    | Bought a potion of agility for 48 gold pieces
 23028 | Orc:2    | Bought a potion of agility for 48 gold pieces
 23112 | Orc:2    | Bought a glowing shield for 283 gold pieces
 23379 | Orc:2    | Reached ****** piety under Trog
 23397 | Orc:2    | Found Tuwep's Gadget Shop.
 24215 | D:12     | Received a gift from Trog
 25009 | D:13     | Found a gate to the Vaults.
 25149 | D:13     | Reached skill level 17 in Long Blades
 25312 | D:13     | Reached XP level 17. HP: 109/109 MP: 18/18
 25321 | D:13     | Gained mutation: You occasionally shout uncontrollably at your foes. [mutagenic meat]
 25322 | D:13     | Gained mutation: Your flesh is cold resistant. (rC+) [mutagenic meat]
 25398 | D:13     | Reached skill level 18 in Long Blades
 26493 | D:15     | Entered Level 15 of the Dungeon
 26526 | D:15     | Noticed Louise
 26550 | D:15     | Killed Louise
 26731 | D:15     | Received a gift from Trog
 26732 | D:15     | Found a blossoming altar of Fedhas.
 26840 | D:15     | Found a staircase to the Depths.
 26840 | D:15     | Noticed Agnes
 26850 | D:15     | Killed Agnes
 27616 | Swamp:1  | Entered Level 1 of the Swamp
 27829 | Swamp:1  | Reached XP level 18. HP: 72/116 MP: 6/19
 28069 | Swamp:1  | Noticed Donald
 28090 | Swamp:1  | Killed Donald
 28518 | Swamp:2  | Noticed Aizul
 28538 | Swamp:2  | Killed Aizul
 28545 | Swamp:2  | Gained mutation: You are agile. (Dex +2) [mutagenic meat]
 28546 | Swamp:2  | Gained mutation: Your flesh is heat resistant. (rF+) [mutagenic meat]
 28621 | Swamp:2  | Reached skill level 15 in Armour
 28785 | Swamp:2  | Reached skill level 15 in Dodging
 28795 | Swamp:2  | HP: 3/116 [thorn hunter/volley of thorns (11)]
 28800 | Swamp:2  | Reached skill level 19 in Long Blades
 29732 | Swamp:3  | Identified a scroll of acquirement
 29776 | Swamp:3  | Noticed Nikola
 29787 | Swamp:3  | Killed Nikola
 29836 | Swamp:3  | Received a gift from Trog
 30111 | Swamp:3  | Noticed Mara
 30135 | Swamp:3  | Killed Mara
 30415 | Swamp:4  | Entered Level 4 of the Swamp
 30747 | Swamp:4  | Noticed a tentacled monstrosity
 30757 | Swamp:4  | Reached skill level 20 in Long Blades
 30771 | Swamp:4  | Killed a tentacled monstrosity
 30912 | Swamp:4  | Reached XP level 19. HP: 122/122 MP: 6/20
 30970 | Swamp:4  | Got a decaying rune of Zot
 31313 | Snake:1  | Entered Level 1 of the Snake Pit
 31418 | Snake:1  | Received a gift from Trog
 31427 | Snake:1  | Got an iridescent great sword {god gift}
 31428 | Snake:1  | Identified the +7 great sword of Zityocir {flame, rElec MR+} (Trog gifted it to you on level 1 of the Snake Pit)
 31702 | Snake:1  | Reached skill level 21 in Long Blades
 32600 | Snake:2  | Found Noshrusm's Antique Weapon Boutique.
 33900 | Snake:3  | Found a sparkling altar of Nemelex Xobeh.
 33955 | Snake:3  | Reached skill level 15 in Fighting
 33982 | Snake:3  | Received a gift from Trog
 34482 | Snake:3  | Reached XP level 20. HP: 73/129 MP: 21/21
 34976 | Snake:4  | Entered Level 4 of the Snake Pit
 35310 | Snake:4  | Received a gift from Trog
 36045 | Snake:4  | Received a gift from Trog
 36058 | Snake:4  | Got a transparent demon blade {god gift}
 36079 | Snake:4  | Identified the +3 demon blade of Velofysm {flame, rN+ Str+4} (Trog gifted it to you on level 4 of the Snake Pit)
 36194 | Snake:4  | Noticed Vashnia
 36241 | Snake:4  | Killed Vashnia
 36454 | Snake:4  | Reached skill level 22 in Long Blades
 36685 | Snake:4  | Got a serpentine rune of Zot
 36774 | Snake:4  | Found Xeasherch's Book Shop.
 36774 | Snake:4  | Found Osuthecubb's Book Boutique.
 37064 | Vaults:1 | Entered Level 1 of the Vaults
 37676 | Vaults:1 | Received a gift from Trog
 37953 | Vaults:1 | Got a scorched cloak
 37964 | Vaults:1 | Identified the +2 cloak "Koib" {rF++} (You found it on level 1 of the Vaults)
 38131 | Vaults:1 | Reached XP level 21. HP: 121/136 MP: 22/22
 38569 | Vaults:1 | Reached skill level 23 in Long Blades
 39008 | Vaults:2 | Received a gift from Trog
 39387 | Vaults:2 | HP: 4/136 [yaktaur/bolt (11)]
 40259 | Vaults:2 | Reached skill level 24 in Long Blades
 40675 | Vaults:3 | Paralysed by a Zot trap for 3 turns
 41017 | Vaults:3 | Received a gift from Trog
 41021 | Vaults:3 | Got a fine great sword {god gift}
 41022 | Vaults:3 | Identified the +4 great sword of Cohuok {vamp, -Tele rElec rN+ Int+2} (Trog gifted it to you on level 3 of the Vaults)
 41044 | Vaults:3 | Got a polished scale mail
 41045 | Vaults:3 | Identified the +6 scale mail "Wihet" {Dex+6 Slay-4 SInv} (You found it on level 3 of the Vaults)
 41394 | Vaults:3 | Noticed Jory
 41553 | Vaults:3 | Reached XP level 22. HP: 142/142 MP: 23/23
 41555 | Vaults:3 | Noticed Mennas
 41572 | Vaults:3 | Killed Mennas
 41572 | Vaults:3 | Reached skill level 25 in Long Blades
 41626 | Vaults:3 | Received a gift from Trog
 42109 | Vaults:3 | Found a staircase to the Crypt.
 42877 | Vaults:4 | Mangled by an ettin

Skill      XL: |  1  2  3  4  5  6  7  8  9 10 11 12 13 14 15 16 17 18 19 20 21 22 |
---------------+-------------------------------------------------------------------+-----
Long Blades    | 4 5 6 8 10 12 14 16 17 18 20 21 22 24 25 | 25.0
Dodging        | 3 6 9 11 12 13 14 15 16 17 | 17.8
Armour         | 3 6 8 10 12 13 14 15 16 17 | 17.8
Fighting       | 6 8 10 11 12 13 14 15 16 | 16.5

Action                   |  1- 3 |  4- 6 |  7- 9 | 10-12 | 13-15 | 16-18 | 19-21 | 22-24 || total
-------------------------+-------+-------+-------+-------+-------+-------+-------+-------++-------
Melee: Falchion          |    84 |   115 |   225 |   365 |       |       |       |       ||   789
       Kick              |    23 |    34 |    82 |   293 |   421 |   687 |   836 |   102 ||  2478
       Peck              |    16 |    34 |    45 |   186 |   248 |   429 |   555 |    63 ||  1576
       Scimitar          |       |       |       |   343 |   909 |   669 |       |       ||  1921
       Great sword       |       |       |       |       |       |   592 |  1547 |    23 ||  2162
       Triple sword      |       |       |       |       |       |       |       |   175 ||   175
Invok: Berserk           |     1 |     3 |     6 |    12 |     9 |    10 |       |       ||    41
       Trog's Hand       |       |       |       |     5 |     7 |    11 |    33 |     4 ||    60
       Burn Spellbooks   |       |       |       |     2 |     1 |     2 |     4 |       ||     9
       Brothers in Arms  |       |       |       |     1 |     2 |       |     3 |       ||     6
 Abil: Fly               |       |       |       |       |     1 |     1 |       |       ||     2
       Stop Flying       |       |       |       |       |     1 |       |     1 |       ||     2
Evoke: Wand              |       |       |       |       |     3 |     1 |     7 |       ||    11
  Use: Scroll            |       |       |    17 |    10 |     5 |     5 |    19 |     5 ||    61
       Potion            |       |       |       |       |     1 |     7 |     8 |     3 ||    19
 Stab: Invisible         |       |       |       |     1 |       |     5 |     7 |       ||    13
       Distracted        |       |       |       |     1 |       |       |     1 |       ||     2
       Confused          |       |       |       |       |       |     2 |     2 |       ||     4
  Eat: Chunk             |     3 |     5 |    11 |     9 |    25 |     6 |     7 |     1 ||    67
       Bread ration      |       |       |     1 |     7 |     2 |     2 |       |       ||    12
       Fruit             |       |       |     3 |     2 |     1 |       |       |       ||     6
       Royal jelly       |       |       |       |     1 |       |       |       |       ||     1
       Beef jerky        |       |       |       |       |     1 |       |       |       ||     1
       Meat ration       |       |       |       |       |       |     7 |     8 |     1 ||    16
Armor: Chain mail        |    47 |    73 |    70 |   143 |       |       |       |       ||   333
       Plate armour      |       |       |       |   172 |   334 |   514 |   471 |    45 ||  1536
Dodge: Dodged            |    41 |    35 |    58 |   299 |   410 |   841 |   926 |    77 ||  2687
Block: Other             |       |       |       |    47 |   117 |   156 |   160 |    17 ||   497
       Reflection        |       |       |       |       |     2 |     2 |    18 |     4 ||    26
       Rpst.: Falchion   |    14 |     7 |    21 |    40 |       |       |       |       ||    82
       Scimitar          |       |       |       |    50 |   113 |    80 |       |       ||   243
       Great sword       |       |       |       |       |       |    89 |   203 |     2 ||   294
       Triple sword      |       |       |       |       |       |       |       |    11 ||    11
